 Dungeon Crawl Stone Soup version 0.31-a0-1009-g454b1f1e0a (webtiles) character file.

Game seed: 14151842720035775949

6354 Dirtsage the Mimic (level 10, -2/86 HPs)
             Began as an Octopode Shapeshifter on Nov 15, 2023.
             Was an Initiate of Gozag.
             Slain by a two-headed ogre
             ... wielding a +0 halberd
              (10 damage)
             ... in a bailey on Nov 16, 2023.
             The game lasted 00:17:36 (8949 turns).

Dirtsage the Mimic (Octopode Shapeshifter)          Turns: 8949, Time: 00:17:36

Health: -2/86      AC:  9    Str: 19    XL:     10   Next: 96%
Magic:  10/10      EV: 10    Int: 13    God:    Gozag
Gold:   1281       SH:  0    Dex: 15    Spells: 9/9 levels left

rFire   . .          .
                       - Unarmed
rCold   + . .        (shield currently unavailable)
rNeg    + . .        (helmet currently unavailable)
rPois   +            (no amulet)
rElec   .            I - ring of protection from cold
rCorr   +            N - ring of positive energy
SInv    +            S - ring of see invisible
Will    .....        P - ring of poison resistance
Stlth   +            C - ring of resist corrosion
HPRegen 0.34/turn    (no ring)
MPRegen 0.12/turn    (no ring)
                     (no ring)

%: no passive effects
@: snake-form
A: constrict, boosted hp, almost no armour, amphibious, 8 rings, large,
(camouflage 1), (gelatinous body 1), (nimble swimmer 1), (tentacles)
a: Begin Untransformation, Renounce Religion, Potion Petition, Call Merchant,
Bribe Branch


You were in a bailey.
You worshipped Gozag.
Gozag was most pleased with you.
You were an enormous anaconda.
You visited 2 branches of the dungeon, and saw 10 of its levels.
You also visited: Bailey.

You collected 1900 gold pieces.
You spent 94 gold pieces at shops.
You paid 525 gold pieces to Gozag.

Inventory:

Missiles
 p - a curare-tipped dart
Armour
 k - a +2 hat
Magical Staves
 h - a staff of cold
 y - a staff of death
Jewellery
 i - a ring of willpower
 j - the amulet of the Air {Inacc Air Fly rElec RMsl}
   (You found it on level 2 of the Dungeon)

   [amulet of nothing]

   Inacc:     It reduces the accuracy of your attacks and spells.
   Air:       It enhances your air magic.
   rElec:     It insulates you from electricity.
   Fly:       It grants you flight.
   RMsl:      It protects you from missiles.
 C - a ring of resist corrosion (on tentacle)
 I - a ring of protection from cold (left tentacle)
 N - a ring of positive energy (right tentacle)
 P - a ring of poison resistance (on tentacle)
 S - a ring of see invisible (on tentacle)
Talismans
 b - a beast talisman
 c - a flux talisman
 s - a serpent talisman (active)
 E - a dragon-blood talisman
Wands
 e - a wand of roots (12)
 A - a wand of light (8)
Scrolls
 d - a scroll of amnesia
 g - a scroll of fear
 m - 2 scrolls of torment
 o - 3 scrolls of fog {unknown}
 r - 2 scrolls of enchant armour
 t - 6 scrolls of teleportation
 u - 2 scrolls of vulnerability
 z - a scroll of revelation
 B - a scroll of blinking
 D - a scroll of poison {unknown}
Potions
 a - 2 potions of lignification
 f - 3 potions of enlightenment
 l - a potion of heal wounds
 n - a potion of attraction
 q - 5 potions of curing
 w - 2 potions of might {unknown}
 x - a potion of ambrosia
 F - a potion of brilliance {unknown}
 G - a potion of mutation


   Skills:
 + Level 8.1 Fighting
 - Level 2.0 Dodging
 + Level 8.7 Unarmed Combat
 * Level 11.0 Shapeshifting


You had 9 spell levels left.
You didn't know any spells.
Your spell library contained the following spells:

 Spells                   Type           Power      Damage    Failure   Level
 Blink                    Tloc           0%         N/A       43%         2
 Lesser Beckoning         Tloc           0%         N/A       43%         2
 Momentum Strike          Conj/Tloc      0%         3d8       43%         2
 Stone Arrow              Conj/Erth      0%         3d7       67%         3
 Volatile Blastmotes      Fire/Tloc      0%         2d10      67%         3
 Anguish                  Hex/Necr       0%         N/A       97%         4
 Cause Fear               Hex            0%         N/A       97%         4
 Fulminant Prism          Conj/Hex       0%         3d5       97%         4
 Iskenderun's Mystic Bla  Conj/Tloc      0%         2d3       97%         4
 Enfeeble                 Hex            0%         N/A       100%        7
 Lehudib's Crystal Spear  Conj/Erth      0%         10d2      100%        8
 Animate Armour           Summ/Erth      Unusable   N/A       N/A         4

Dungeon Overview and Level Annotations

Branches:
Dungeon (9/15)             Temple (1/1) D:5          Bailey (1/1)
   Lair: D:8-11         Orc: D:9-12

Altars:
Ashenzari
Cheibriados
Dithmenos
Elyvilon
Fedhas
Gozag
Kikubaaqudgha
Makhleb
Okawaru
Qazlal
Ru
Trog
Uskayaw
Vehumet
Wu Jian
Xom
Yredelemnul
Zin

Shops:
D:6 !   D:7 *


Innate Abilities, Weirdness & Mutations

You are an enormous anaconda.
You have a powerful constriction melee attack.
Your maximum health is increased.
Your armour is entirely melded.
You are incapable of wielding weapons or throwing items.
You cannot wear most types of armour.
You are amphibious.
You can wear up to eight rings at the same time.
((Your skin changes colour to match your surroundings (Stealth+).))
((Your rubbery body absorbs attacks. (AC +1, EV +1)))
((You are camouflaged when in or above water. (Stealth+)))
((You have tentacles for arms and can constrict up to eight enemies at once.))


Message History

You start resting.
A two-headed ogre comes into view. It is wielding two +0 halberds.
You regained 3 hp, and now have 18/86 hp.
Aiming: Throw Flame
Press: ? - help, Shift-Dir - straight line, f - two-headed ogre
Aim: a two-headed ogre, wielding two +0 halberds (wandering, hasn't noticed you, 85% to hit)
You hear two shouts!
The now-empty wand crumbles to dust.
Aiming: Bolt of Light
Press: ? - help, Shift-Dir - straight line, p - two-headed ogre You can't see that place. [Stash: 13 gold pieces (...1)] [some shallow water.]
Okay, then.
The two-headed ogre is engulfed in a cloud of scalding steam.
Aiming: Bolt of Light
Press: ? - help, Shift-Dir - straight line, f/p - two-headed ogre
Aim: a two-headed ogre, wielding two +0 halberds (moderately wounded, 86% to hit)
The bolt of light hits the two-headed ogre!
The two-headed ogre is heavily wounded.
The two-headed ogre is blinded.
Aiming: Bolt of Light
Press: ? - help, Shift-Dir - straight line, f/p - two-headed ogre
Aim: a two-headed ogre, wielding two +0 halberds (heavily wounded, blind, 86% to hit)
The bolt of light misses the two-headed ogre.
Aiming: Bolt of Light
Press: ? - help, Shift-Dir - straight line, f/p - two-headed ogre
Aim: a two-headed ogre, wielding two +0 halberds (heavily wounded, blind, 86% to hit)
The bolt of light hits the two-headed ogre!
The two-headed ogre is severely wounded.
The two-headed ogre hits you but does no damage.
The two-headed ogre hits you from afar with a +0 halberd!
* * * LOW HITPOINT WARNING * * *
You take 13 damage, and have 7/86 hp.
You hit the two-headed ogre. You grab the two-headed ogre.
The two-headed ogre is severely wounded.
You constrict the two-headed ogre, but do no damage.
The two-headed ogre hits you with a +0 halberd!
You die...
Your body crumbles into a pile of gold.

#######
###.....###
##.........##
#...........##
....∩...∩S...#
#.......$O..##
##.....$$$.##
###~~~$~###
#~~~~$#
#~~~~~#
#.......
#.........
#..#♣♣##♣♣..


You could see a two-headed ogre (blind).

Vanquished Creatures
  Erica (D:8)
  A two-headed ogre (D:9)
  Grinder (D:3)
  Sigmund (D:3)
  A spriggan (Bailey)
  A wraith (D:9)
  2 wyverns
  2 water moccasins (D:9)
  An orc warrior (D:8)
  A black bear (D:5)
  2 ice beasts (D:7)
  2 sky beasts (D:7)
  8 ogres
  2 centaurs
  A phantom (D:5)
  2 bullfrogs
  2 kobold brigands
  3 gnoll sergeants
  3 scorpions (D:5)
  17 wights
  8 killer bees
  A howler monkey (D:7)
  A jelly (D:5)
  An orc priest (D:8)
  3 hounds
  A gnoll bouda (D:7)
  Ijyb (D:5)
  4 iguanas
  2 sleepcaps
  3 orc wizards (D:5)
  A mummy (D:4)
  11 gnolls
  6 adders
  4 white imps
  3 ufetubi
  A dart slug (D:3)
  11 orcs
  5 bats
  5 endoplasms
  10 giant cockroaches
  6 goblins
  6 hobgoblins
  22 kobolds
  4 quokkas
  4 ball pythons
  2 frilled lizards
  2 hobgoblin zombies (D:4)
  2 kobold zombies (D:4)
  5 rats
189 creatures vanquished.

Vanquished Creatures (others)
  An iguana (D:5)
  An adder (D:5)
2 creatures vanquished.

Grand Total: 191 creatures vanquished

Notes
Turn   | Place    | Note
-------+----------+-------------------------------------------
     0 | D:1      | Dirtsage the Octopode Shapeshifter began the quest for the
                  | Orb.
     0 | D:1      | Reached XP level 1. HP: 13/13 MP: 1/1
   290 | D:1      | Reached XP level 2. HP: 11/18 MP: 2/2
   534 | D:1      | Reached XP level 3. HP: 22/23 MP: 3/3
   668 | D:1      | Found a faded altar of an unknown god.
  1042 | D:2      | You fall into a shaft and drop 2 floors!
  1069 | D:4      | Reached XP level 4. HP: 29/29 MP: 4/4
  1178 | D:4      | Reached skill level 4 in Shapeshifting
  1190 | D:3      | Found an iron altar of Okawaru.
  1267 | D:2      | Found the amulet of the Air {Inacc Air Fly rElec RMsl}
  1506 | D:2      | Reached XP level 5. HP: 29/35 MP: 5/5
  1934 | D:3      | Noticed Sigmund
  1940 | D:3      | Killed Sigmund
  1941 | D:3      | Reached skill level 5 in Shapeshifting
  1941 | D:3      | Reached XP level 6. HP: 29/42 MP: 6/6
  2043 | D:3      | Noticed Grinder
  2051 | D:3      | Killed Grinder
  2052 | D:3      | Reached XP level 7. HP: 31/46 MP: 7/7
  2892 | D:5      | Entered Level 5 of the Dungeon
  3039 | D:5      | Reached skill level 6 in Shapeshifting
  3050 | D:5      | Reached skill level 5 in Unarmed Combat
  3209 | D:5      | Found a shimmering altar of Xom.
  3226 | D:5      | Reached XP level 8. HP: 22/54 MP: 8/8
  3528 | D:5      | Noticed Ijyb
  3537 | D:5      | Killed Ijyb
  3874 | D:5      | Reached skill level 7 in Shapeshifting
  4104 | D:5      | Found a staircase to the Ecumenical Temple.
  4112 | Temple   | Entered the Ecumenical Temple
  4131 | Temple   | Became a worshipper of Gozag Ym Sagoz the Greedy
  4217 | D:6      | Reached skill level 5 in Fighting
  5092 | D:6      | Found Useni's Distillery.
  5100 | D:6      | Bought a potion of heal wounds for 70 gold pieces
  5279 | D:7      | Found Unasah's Assorted Antiques.
  5287 | D:7      | Bought a scroll labelled KUAXZI WU OCUX for 24 gold pieces
  5290 | D:7      | Identified a scroll of acquirement
  5290 | D:7      | Acquired 910 gold pieces
  5398 | D:7      | Reached XP level 9. HP: 51/61 MP: 9/9
  5504 | D:7      | Reached skill level 8 in Shapeshifting
  5751 | D:7      | Found a shadowy altar of Dithmenos.
  5795 | D:7      | Found a stormy altar of Qazlal.
  6795 | D:7      | Reached skill level 9 in Shapeshifting
  6979 | D:8      | Found a broken altar of Ashenzari.
  7502 | D:8      | Reached XP level 10. HP: 69/69 MP: 10/10
  7636 | D:8      | Found a glowing silver altar of Zin.
  7648 | D:8      | Noticed Erica
  7659 | D:8      | Killed Erica
  7686 | D:8      | Reached skill level 10 in Shapeshifting
  8361 | D:9      | Noticed a two-headed ogre
  8368 | D:9      | Killed a two-headed ogre
  8708 | D:9      | Found a flagged portal.
  8717 | Bailey   | Entered a bailey
  8927 | Bailey   | Reached skill level 11 in Shapeshifting
  8940 | Bailey   | Noticed a two-headed ogre
  8949 | Bailey   | Slain by a two-headed ogre

Illustrated notes

Levels and vault maps discovered:
D:1:      scummos_arrival_gate, layout_loops_ring,
          shapermc_ecumenical_altar_ellora, corexii_item_surrounded_by_moat
D:2:      minmay_roachtagon, layout_basic
D:3:      layout_rooms, okawaru_metal_pillars_3, uniq_grinder, uniq_sigmund
D:4:      layout_rooms, minmay_strange_pillars, minmay_mini_ossuary
D:5:      layout_rooms, xom_confusion_cloud, minmay_temple_entry_statues,
          uniq_ijyb
D:6:      layout_basic, serial_shops, shop
D:7:      layout_basic, grunt_qazlal_sundering,
          mainiacjoe_overflow_concentric_impassable, serial_shops, shop,
          minmay_puff
D:8:      layout_basic, mainiacjoe_overflow_24_doors,
          ashenzari_conservatory_becter, uniq_erica
D:9:      layout_basic, tso_oasis_becter, enter_bailey_2
Temple:   nicolae_temple_slightly_damp_pantheon
Bailey:   bailey_polearm_enchanted_keep_hellmonk, bailey

Skill      XL: |  1  2  3  4  5  6  7  8  9 10 |
---------------+-------------------------------+-----
Fighting       | 2 3 4 5 6 8 |  8.1
Shapeshifting  | 4 5 6 7 9 11 | 11.0
Unarmed Combat | 4 5 6 7 8 |  8.7
Dodging        | |  2.0

Action                     |  1- 3 |  4- 6 |  7- 9 | 10-12 || total
---------------------------+-------+-------+-------+-------++-------
  Melee: Unarmed           |    49 |    60 |   238 |    99 ||   446
         Constrict         |    12 |    25 |    66 |    26 ||   129
         Punch             |     5 |     2 |     8 |       ||    15
         Tentacles         |     9 |    19 |    33 |       ||    61
 Invoke: Potion Petition   |       |       |       |     1 ||     1
  Evoke: Wand              |       |     1 |     6 |    13 ||    20
    Use: Scroll            |       |     4 |    11 |     1 ||    16
   Stab: Sleeping          |     6 |     2 |     8 |       ||    16
         Invisible         |       |     2 |       |       ||     2
         Distracted        |       |       |       |     1 ||     1
 Armour: Skin              |    10 |    43 |   140 |    73 ||   266
  Dodge: Dodged            |    23 |    33 |   108 |    56 ||   220
   Form: Anaconda          |       |       |     1 |       ||     1

Table legend: (Time is in decaauts)
 A = Elapsed time spent in this place.
 B = Non-inter-level travel time spent in this place.
 C = Inter-level travel time spent in this place.
 D = Time resting spent in this place.
 E = Time spent auto-exploring this place.
 F = Levels seen in this place.
 G = Mean time per level.
                   A        B        C        D        E       F      G
               +--------+--------+--------+--------+--------+-----+--------+
         Total |   8910 |   8647 |    263 |    898 |   6190 |  11 |  810.0 |
       Dungeon |   8641 |   8414 |    227 |    723 |   6187 |   9 |  960.1 |
        Temple |     38 |      2 |     36 |      0 |      0 |   1 |   38.0 |
        Bailey |    229 |    229 |      0 |    175 |      3 |   1 |  229.0 |
               +--------+--------+--------+--------+--------+-----+--------+

Top non-repeatable levels by time:
     D:7: 1941 daAuts
     D:8: 1286 daAuts
     D:5: 1024 daAuts
     D:6: 957 daAuts
     D:2: 920 daAuts
     D:1: 782 daAuts
     D:4: 778 daAuts
     D:3: 642 daAuts
     D:9: 309 daAuts
  Bailey: 229 daAuts
  Temple: 38 daAuts
